 Dungeon Crawl Stone Soup version 0.22-a0-358-g7563fe7 (webtiles) character file.

36248 GameOver the Carver (level 13, -8/115 HPs)
             Began as a Naga Wizard on Apr 18, 2018.
             Was the Champion of Cheibriados.
             Mangled by a nine-headed hydra (9 damage)
             ... on level 6 of the Lair of Beasts on Apr 19, 2018.
             The game lasted 02:03:21 (14654 turns).

GameOver the Carver (Naga Wizard)                  Turns: 14654, Time: 02:03:22

Health: -8/115     AC: 11    Str: 25    XL:     13   Next: 89%
Magic:  14/19      EV: 14    Int: 38    God:    Cheibriados [******]
Gold:   674        SH:  0    Dex: 25    Spells: 10/19 levels left

rFire    . . .     SeeInvis +   w - +3 long sword (venom)
rCold    . . .     Gourm    .   (no shield)
rNeg     + . .     Faith    .   b - +0 troll leather armour
rPois    +         Spirit   .   g - +0 helmet
rElec    .         Reflect  .   (no cloak)
rCorr    .         Harm     .   C - +2 pair of gloves
MR       +....                  (no barding)
Stlth    +++++.....             (no amulet)
HPRegen  0.69/turn              k - ring of positive energy
MPRegen  0.16/turn              M - ring of stealth

@: very slow
A: large, see invisible, deformed body, poison resistance, slowness 2, slow
metabolism 1, spit poison 1, constrict 1, AC +4
a: Spit Poison, Bend Time, Temporal Distortion, Slouch, Step From Time, Renounce
Religion


You were on level 6 of the Lair of Beasts.
You worshipped Cheibriados.
Cheibriados was exalted by your worship.
You were not hungry.

You visited 3 branches of the dungeon, and saw 19 of its levels.

You collected 949 gold pieces.
You spent 275 gold pieces at shops.

Inventory:

Hand Weapons
 a - a +0 arbalest
 n - a +1 falchion of holy wrath
 q - a +0 shortbow of flaming
 s - a +2 short sword of venom
 w - a +3 long sword of venom (weapon)
 F - a +1 great sword
 G - a +0 demon trident of electrocution
Missiles
 c - 60 bolts
 l - 356 arrows
Armour
 b - a +0 troll leather armour (worn)
 g - a +0 helmet (worn)
 h - a +0 large shield
 C - a +2 pair of gloves (worn)
 N - a +1 ring mail of magic resistance
Magical Staves
 x - an uncursed staff of death
Jewellery
 i - an uncursed ring of flight
 k - a ring of positive energy (left hand)
 H - an uncursed ring of fire
 M - a ring of stealth (right hand)
 P - an uncursed ring of ice
Wands
 e - a wand of iceblast (24)
 t - a wand of paralysis (20)
 B - a wand of digging (16)
 K - a wand of clouds (4)
 O - a wand of acid (35)
Scrolls
 f - 3 scrolls of remove curse
 o - 12 scrolls of teleportation
 r - 5 scrolls of enchant armour
 v - 3 scrolls of fear
 y - a scroll of amnesia
 A - 2 scrolls of fog
 D - 3 scrolls of enchant weapon
 E - 3 scrolls of immolation
 I - 2 scrolls of magic mapping
 J - a scroll of blinking
 S - a scroll of vulnerability
Potions
 j - a potion of magic
 m - 2 potions of brilliance
 p - a potion of mutation
 u - 8 potions of curing
 z - a potion of flight
 L - 2 potions of heal wounds
 Q - a potion of resistance
 R - a potion of might
Comestibles
 d - 38 rations


   Skills:
 + Level 7.5 Fighting
 - Level 8.0(10.3) Short Blades
 - Level 10.3(11.4) Long Blades
 - Level 0.3 Polearms
 * Level 7.1 Crossbows
 - Level 5.0 Armour
 - Level 5.1 Dodging
 - Level 8.0 Stealth
 - Level 3.6 Spellcasting
 - Level 6.0 Conjurations
   Level 1.0 Summonings
 - Level 4.2 Translocations
 - Level 6.0 Fire Magic
 - Level 4.1 Air Magic
 - Level 4.1 Poison Magic
 - Level 8.0 Invocations


You had 10 spell levels left.
You knew the following spells:

 Your Spells              Type           Power        Failure   Level  Hunger
a - Magic Dart            Conj           ####         1%          1    None
b - Blink                 Tloc           N/A          1%          2    None
q - Mephitic Cloud        Conj/Pois/Air  #####...     1%          3    #......
s - Conjure Flame         Conj/Fire      ######..     1%          3    #......


Dungeon Overview and Level Annotations

Branches:
Dungeon (12/15)            Temple (1/1) D:5            Lair (6/6) D:10
  Swamp (0/4) Lair:4        Snake (0/4) Lair:2        Slime (0/5) Lair:5
    Orc: D:9-12

Altars:
Ashenzari
Cheibriados
Dithmenos
Elyvilon
Fedhas
Gozag
Hepliaklqana
Kikubaaqudgha
Makhleb
Nemelex Xobeh
Okawaru
Qazlal
Ru
Sif Muna
Trog
Uskayaw
Vehumet
Wu Jian
Xom
Yredelemnul
Zin
The Shining One
Jiyva

Shops:
D:7 [?!?*

Annotations:
D:5 Gildeon's ghost, novice DEFE


Innate Abilities, Weirdness & Mutations

You cannot wear boots.
Your serpentine skin is tough. (AC +4)
You have supernaturally acute eyesight. (SInv)
Armour fits poorly on your strangely shaped body.
Your system is resistant to poisons. (rPois)
You cover ground very slowly.
You have a slow metabolism.
You can spit poison.
You can use your snake-like lower body to constrict enemies.


Message History

The nine-headed hydra is heavily wounded.
The bolt of acid hits the komodo dragon.
The komodo dragon is splashed with acid.
The komodo dragon is moderately wounded.
The basilisk is engulfed in noxious fumes.
The basilisk appears confused.
The nine-headed hydra is engulfed in blazing flames.
The nine-headed hydra bites you!
The nine-headed hydra completely misses you.
The nine-headed hydra bites you!
* * * LOW HITPOINT WARNING * * *
The nine-headed hydra bites you!
* * * LOW HITPOINT WARNING * * *
The nine-headed hydra bites you!
* * * LOW HITPOINT WARNING * * *
The nine-headed hydra barely misses you.
The nine-headed hydra bites you!
* * * LOW HITPOINT WARNING * * *
The nine-headed hydra bites you!
You die...

.............##
............#.#
.............##
.............####
..............#.#
.P....[#.##....##
##...###.###....#
....# # #.....##
####.#@# ##D##
#§l# #l§# .§§#
#.... #..(. .....
..(((..


You could see a nine-headed hydra, a komodo dragon and a basilisk (confused).

Vanquished Creatures
  Erolcha (D:9)
  2 hydras
  4 two-headed ogres
  Urug (Lair:3)
  The ghost of Nib the Covert, a novice OpAs (D:8)
  Sonja (Lair:3)
  An unseen horror (D:7)
  A manticore (D:11)
  An ugly thing (D:11)
  14 elephants
  A black mamba (Lair:5)
  A gargoyle (D:11)
  8 spiny frogs
  A rime drake (Lair:3)
  4 komodo dragons
  A harpy zombie (D:11)
  A troll (D:9)
  A merfolk (D:11)
  8 blink frogs
  2 polar bears
  6 hippogriffs
  32 yaks
  A wyvern (D:7)
  Sigmund (D:6)
  3 basilisks
  Eustachio (D:6)
  3 hungry ghosts
  A soldier ant (D:11)
  9 water moccasins
  6 orc warriors
  8 porcupines
  3 sky beasts
  A black bear (Lair:5)
  An ice beast (D:9)
  A hornet zombie (D:10)
  2 eyes of draining
  5 ogres
  3 necrophages
  19 wolves (Lair:1)
  13 centaurs
  9 crocodiles
  Blork the orc (D:4)
  3 big kobolds
  11 bullfrogs
  A wyvern skeleton (D:11)
  2 scorpions
  9 killer bees (D:7)
  11 wights
  7 howler monkeys
  2 electric eels
  5 crimson imps
  A quasit (D:9)
  2 centaur zombies
  6 hounds
  2 jellies
  7 orc priests
  A bullfrog skeleton (D:6)
  A gnoll shaman (D:4)
  2 iguanas
  2 centaur skeletons
  8 worker ants
  8 orc wizards
  A hound skeleton (D:7)
  A hound zombie (D:7)
  Robin (D:4)
  A howler monkey skeleton (D:5)
  12 adders
  7 gnolls
  4 shadow imps
  An ooze (D:2)
  3 dart slugs (D:1)
  2 worms
  7 leopard geckos
  49 orcs
  4 giant cockroaches
  14 goblins
  13 hobgoblins
  7 jackals
  2 quokkas
  A ball python (D:1)
  9 bats
  4 frilled lizards (D:1)
  26 kobolds
  A leopard gecko zombie (D:6)
  10 rats
455 creatures vanquished.

Vanquished Creatures (others)
  5 dream sheep (D:7)
  2 fungi
  5 plants
12 creatures vanquished.

Grand Total: 467 creatures vanquished

Notes
Turn   | Place    | Note
-------+----------+-------------------------------------------
     0 | D:1      | GameOver the Naga Wizard began the quest for the Orb.
     0 | D:1      | Reached XP level 1. HP: 15/15 MP: 4/4
    92 | D:1      | Reached XP level 2. HP: 16/22 MP: 3/6
   396 | D:1      | Reached XP level 3. HP: 28/28 MP: 2/7
   872 | D:2      | Reached XP level 4. HP: 36/36 MP: 1/8
  1016 | D:2      | Learned a level 2 spell: Blink
  1020 | D:2      | Learned a level 3 spell: Mephitic Cloud
  1174 | D:2      | Reached skill level 1 in Poison Magic
  1174 | D:2      | Reached XP level 5. HP: 42/42 MP: 0/9
  1603 | D:3      | Reached skill level 5 in Conjurations
  1606 | D:3      | Reached skill level 1 in Air Magic
  1606 | D:3      | Reached XP level 6. HP: 15/49 MP: 2/10
  2191 | D:4      | Reached XP level 7. HP: 51/55 MP: 5/11
  2216 | D:4      | Noticed Robin
  2272 | D:4      | Noticed Blork the orc
  2287 | D:4      | Killed Blork the orc
  2399 | D:4      | Found a sparkling altar of Nemelex Xobeh.
  2399 | D:4      | Found a stormy altar of Qazlal.
  2588 | D:4      | Found a deep blue altar of Sif Muna.
  2605 | D:4      | Identified Sif Muna's Disquisition on Curses
  2692 | D:5      | Entered Level 5 of the Dungeon
  2698 | D:5      | Noticed Gildeon's ghost (novice DEFE)
  2708 | D:4      | Reached XP level 8. HP: 19/62 MP: 8/12
  2911 | D:4      | Killed Robin
  2922 | D:4      | Found a bloodstained altar of Trog.
  3073 | D:5      | Found an iron altar of Okawaru.
  3073 | D:5      | Found a white marble altar of Elyvilon.
  3310 | D:5      | Found a staircase to the Ecumenical Temple.
  3319 | Temple   | Entered the Ecumenical Temple
  3453 | Temple   | Became a worshipper of Cheibriados the Contemplative
  3671 | D:6      | Noticed Eustachio
  3696 | D:6      | Killed Eustachio
  3696 | D:6      | Reached skill level 1 in Short Blades
  3706 | D:6      | Noticed Sigmund
  3724 | D:6      | Killed Sigmund
  3724 | D:6      | Reached XP level 9. HP: 68/68 MP: 8/14
  3761 | D:6      | Reached skill level 5 in Stealth
  3776 | D:6      | Reached skill level 5 in Dodging
  4006 | D:6      | Reached * piety under Cheibriados
  4423 | D:7      | Found Bekempag's Magic Scroll Emporium.
  4481 | D:7      | Bought a scroll of identify for 20 gold pieces
  4481 | D:7      | Bought a scroll of identify for 20 gold pieces
  4481 | D:7      | Bought a scroll of teleportation for 30 gold pieces
  4481 | D:7      | Bought a scroll of blinking for 75 gold pieces
  4481 | D:7      | Bought a scroll of enchant armour for 75 gold pieces
  4481 | D:7      | Bought a scroll of immolation for 35 gold pieces
  4481 | D:7      | Bought a scroll of identify for 20 gold pieces
  4541 | D:7      | Found Fihotole's Distillery.
  4581 | D:7      | Found Qusu Zim's Assorted Antiques.
  4713 | D:7      | Reached skill level 5 in Short Blades
  4717 | D:7      | Found a shimmering altar of Xom.
  4731 | D:7      | Reached ** piety under Cheibriados
  4868 | D:7      | Found Vycva's Antique Armour Shoppe.
  4916 | D:7      | Noticed an unseen horror
  4965 | D:7      | Killed an unseen horror
  4965 | D:7      | Reached XP level 10. HP: 35/75 MP: 3/15
  5164 | D:7      | Found Berhuuc's Magic Scroll Boutique.
  5203 | D:7      | Found a shimmering altar of Xom.
  5330 | D:7      | Reached skill level 1 in Fighting
  5330 | D:7      | Reached skill level 1 in Long Blades
  5414 | D:8      | Noticed a two-headed ogre
  5532 | D:8      | Reached skill level 2 in Long Blades
  5542 | D:8      | Reached *** piety under Cheibriados
  5546 | D:8      | Killed a two-headed ogre
  5546 | D:8      | Reached skill level 3 in Long Blades
  5570 | D:8      | Noticed a two-headed ogre
  5580 | D:8      | Killed a two-headed ogre
  5580 | D:8      | Reached skill level 4 in Long Blades
  5614 | D:8      | Noticed a two-headed ogre
  5629 | D:8      | Killed a two-headed ogre
  5629 | D:8      | Reached skill level 5 in Fighting
  5629 | D:8      | Reached skill level 5 in Long Blades
  5651 | D:8      | Found a hide-covered altar of Uskayaw.
  5747 | D:8      | Noticed Nib's ghost (novice OpAs)
  5768 | D:8      | Reached skill level 1 in Invocations
  5769 | D:8      | Killed Nib's ghost
  5769 | D:8      | Reached XP level 11. HP: 57/96 MP: 13/16
  5839 | D:8      | Got a bloodstained quarterstaff
  5840 | D:8      | Identified the +6 quarterstaff of a Thousand Coins {drain, Int+6 SInv} (You found it on level 8 of the Dungeon)
  6037 | D:8      | Reached **** piety under Cheibriados
  6385 | D:9      | Reached ***** piety under Cheibriados
  6445 | D:9      | Reached skill level 6 in Long Blades
  6784 | D:9      | Found a glowing golden altar of the Shining One.
  6984 | D:9      | Noticed Erolcha
  7073 | D:9      | Found an ancient bone altar of Kikubaaqudgha.
  7075 | D:9      | Found a blossoming altar of Fedhas.
  7090 | D:9      | Killed Erolcha
  7090 | D:9      | Reached skill level 1 in Armour
  7396 | D:10     | Entered Level 10 of the Dungeon
  7864 | D:10     | Reached skill level 5 in Invocations
  8009 | D:10     | Found a staircase to the Lair.
  8241 | D:11     | Noticed a manticore
  8247 | D:11     | Killed a manticore
  8269 | D:11     | Noticed a six-headed hydra
  8291 | D:11     | Killed a six-headed hydra
  8340 | D:11     | Reached skill level 7 in Long Blades
  8445 | D:11     | Reached XP level 12. HP: 105/105 MP: 17/17
  8661 | D:11     | Reached ****** piety under Cheibriados
  8867 | D:11     | Reached skill level 1 in Crossbows
  8988 | D:11     | Noticed a two-headed ogre
  9007 | D:11     | Killed a two-headed ogre
  9406 | Lair:1   | Entered Level 1 of the Lair of Beasts
  9424 | Lair:1   | Reached skill level 8 in Long Blades
  9449 | Lair:1   | Reached skill level 5 in Armour
 10207 | Lair:1   | Found a basalt altar of Yredelemnul.
 10233 | Lair:1   | Learned a level 3 spell: Conjure Flame
 10298 | Lair:1   | Reached skill level 1 in Fire Magic
 10818 | Lair:2   | Reached skill level 9 in Long Blades
 11003 | Lair:2   | Found a staircase to the Snake Pit.
 11609 | Lair:2   | Gained mutation: You can use your snake-like lower body to constrict enemies. [Naga growth]
 11609 | Lair:2   | Reached XP level 13. HP: 111/111 MP: 15/19
 11930 | Lair:3   | Reached skill level 5 in Crossbows
 12081 | Lair:3   | Noticed Sonja
 12085 | Lair:3   | Noticed Urug
 12088 | Lair:3   | Killed Sonja
 12094 | Lair:3   | Killed Urug
 12704 | Lair:4   | Reached skill level 10 in Long Blades
 13021 | Lair:4   | Reached skill level 5 in Fire Magic
 13024 | Lair:4   | Found a staircase to the Swamp.
 13998 | Lair:5   | Found a staircase to the Slime Pits.
 13999 | Lair:5   | Found a viscous altar of Jiyva.
 14490 | Lair:6   | Entered Level 6 of the Lair of Beasts
 14654 | Lair:6   | HP: 1/115 [nine-headed hydra (7)]
 14654 | Lair:6   | Mangled by a nine-headed hydra

Vault maps used:
D:1:      arrival_zaba_pyramid
D:3:      first_ration, kennysheep_potato
D:4:      led_sif_book, nicolae_overflow_hidden_temple,
          chequers_temple_overflow_statue_of_worship, minmay_misc_feat_encased,
          uniq_blork_the_orc, uniq_robin
D:5:      gammafunk_temple_overflow_wave, temple_statues
D:6:      sword_in_stone, uniq_sigmund
D:7:      old_standard_altar, serial_shops, shop, shop_fountains,
          nicolae_shop_statue_plus, shop, kennysheep_little_box,
          kb_xom_exploding_sheep
D:8:      eat_drink_and_be_merry_uskayaw, special_room
D:9:      grunt_temple_overflow_growth_and_decay,
          nicolae_tso_swordbearing_angel, uniq_erolcha
D:10:     david_lair_shrubbed
D:11:     lemuel_flame_loot_2, hangedman_fish_farm
D:12:     erik_orc_4, uniq_fannar
Temple:   jpeg_temple_clearing
Lair:1:   basic_altar, grunt_forest_large_clearings, grunt_megastairs_4,
          lemuel_fruit_fields
Lair:2:   dummy_snake_entry, serial_bayou_shore_b
Lair:3:   uniq_sonja, uniq_urug
Lair:4:   swamp_mist
Lair:5:   slime_altar_1, gammafunk_lair_bear_cave, serial_bayou_shore_b,
          lemuel_fruit_fields
Lair:6:   cheibrodos_lair_end_hotspot

Skill      XL: |  1  2  3  4  5  6  7  8  9 10 11 12 13 |
---------------+----------------------------------------+-----
Conjurations   | 2 3 4 5 6 |  6.0
Poison Magic   | 1 2 3 4 |  4.1
Air Magic      | 1 2 3 4 |  4.1
Dodging        | 2 4 5 |  5.1
Translocations | 2 4 |  4.2
Short Blades   | 1 7 8 |  8.0
Stealth        | 4 5 6 8 |  8.0
Fighting       | 5 6 7 |  7.5
Long Blades    | 5 7 9 10 | 10.3
Invocations    | 2 6 8 |  8.0
Armour         | 3 5 |  5.0
Crossbows      | 4 7 |  7.1
Fire Magic     | 2 6 |  6.0
Polearms       | |  0.3
Spellcasting   | |  3.6
Summonings     | |  1.0

Action                   |  1- 3 |  4- 6 |  7- 9 | 10-12 | 13-15 || total
-------------------------+-------+-------+-------+-------+-------++-------
Melee: Short sword       |    12 |    32 |   155 |    93 |       ||   292
       Spear             |       |     5 |     4 |       |       ||     9
       Long sword        |       |       |     9 |   283 |   163 ||   455
       Trident           |       |       |     1 |       |       ||     1
       Great sword       |       |       |       |     7 |     3 ||    10
       Constrict         |       |       |       |       |    32 ||    32
 Fire: Shortbow          |       |       |     8 |   301 |   119 ||   428
       Arbalest          |       |       |       |       |    29 ||    29
 Cast: Magic Dart        |    48 |    69 |   125 |    44 |     6 ||   292
       Mephitic Cloud    |       |     4 |    19 |    42 |    13 ||    78
       Blink             |       |       |     1 |    22 |     8 ||    31
       Conjure Flame     |       |       |       |     1 |     3 ||     4
Invok: Slouch            |       |       |       |     2 |     3 ||     5
       Bend Time         |       |       |       |     1 |       ||     1
 Abil: Spit Poison       |    18 |    39 |    58 |    86 |    27 ||   228
       Evoke Flight      |       |       |     1 |       |       ||     1
Evoke: Wand              |       |       |     4 |     5 |     1 ||    10
  Use: Scroll            |       |       |     8 |     9 |     4 ||    21
       Potion            |       |       |     2 |     1 |     1 ||     4
 Stab: Sleeping          |     1 |       |     4 |     6 |     1 ||    12
       Confused          |       |     1 |     7 |    23 |     7 ||    38
  Eat: Chunk             |       |     7 |    12 |    15 |    10 ||    44
       Ration            |       |       |       |     3 |       ||     3
Armor: Robe              |     1 |     4 |    46 |    16 |       ||    67
       Troll leather arm |       |       |       |    95 |    45 ||   140
Dodge: Dodged            |     7 |    23 |    89 |   262 |    99 ||   480
       Rpst.: Long sword |       |       |     1 |    50 |    17 ||    68
       Great sword       |       |       |       |     2 |       ||     2

Table legend:
 A = Spawn XP
 B = Non-spawn XP
 C = Spawn XP percentage of total XP
 D = Spawn monster count
 E = Non-spawn monster count
 F = Spawn count percentage of total count
 G = Total turns spent on level
                    A         B        C        D         E        F      G
               +---------+---------+-------+---------+---------+-------+---------
         Total |       0 |   51783 |   0.0 |       0 |     455 |   0.0 | 14654
               +---------+---------+-------+---------+---------+-------+---------
           D:1 |       0 |      39 |   0.0 |       0 |      23 |   0.0 |   770
           D:2 |       0 |     136 |   0.0 |       0 |      32 |   0.0 |   608
           D:3 |       0 |     291 |   0.0 |       0 |      33 |   0.0 |   741
           D:4 |       0 |     876 |   0.0 |       0 |      27 |   0.0 |   705
           D:5 |       0 |     669 |   0.0 |       0 |      15 |   0.0 |   510
           D:6 |       0 |    1052 |   0.0 |       0 |      19 |   0.0 |   981
           D:7 |       0 |    2368 |   0.0 |       0 |      37 |   0.0 |  1121
           D:8 |       0 |    4956 |   0.0 |       0 |      50 |   0.0 |   793
           D:9 |       0 |    2372 |   0.0 |       0 |      20 |   0.0 |  1016
          D:10 |       0 |    2992 |   0.0 |       0 |      34 |   0.0 |   767
          D:11 |       0 |    7478 |   0.0 |       0 |      45 |   0.0 |  1241
        Lair:1 |       0 |    6196 |   0.0 |       0 |      38 |   0.0 |  1374
        Lair:2 |       0 |    3395 |   0.0 |       0 |      17 |   0.0 |   977
        Lair:3 |       0 |    6757 |   0.0 |       0 |      20 |   0.0 |   941
        Lair:4 |       0 |    5445 |   0.0 |       0 |      22 |   0.0 |   899
        Lair:5 |       0 |    5176 |   0.0 |       0 |      14 |   0.0 |   893
        Lair:6 |       0 |    1585 |   0.0 |       0 |       9 |   0.0 |   164
               +---------+---------+-------+---------+---------+-------+---------
